 Dungeon Crawl Stone Soup version 0.28.0 (webtiles) character file.

Game seed: 15428897581444990961

60 snetch the Magician (level 4, -10/31 HPs)
             Began as a Djinni Fire Elementalist on Feb 7, 2022.
             Mangled by Crazy Yiuf (11 damage)
             ... on level 3 of the Dungeon.
             The game lasted 00:02:04 (790 turns).

snetch the Magician (Djinni Fire Elementalist)       Turns: 790, Time: 00:02:05

Health: -10/31     AC:  2    Str:  7    XL:     4   Next: 25%
Gold:   33         EV: 13    Int: 19    God:
                   SH:  0    Dex: 13

rFire   + + .      SeeInvis .   f - +0 dagger
rCold   x . .      Faith    .   (no shield)
rNeg    . . .      Spirit   .   a - +0 robe
rPois   ∞          Reflect  .   (no helmet)
rElec   .          Harm     .   (no cloak)
rCorr   .          Rampage  .   (no gloves)
Will    .....                   (boots unavailable)
Stlth   ++........              (no amulet)
HPRegen 0.10/turn               c - +4 ring of slaying
MPRegen 0.00/turn               (no ring)

@: flying
A: sickness immunity, fire resistance 2, cold vulnerability 1, float, innate
caster, HP casting, extra vitality 1
a: no special abilities


You were on level 3 of the Dungeon.
You visited 1 branch of the dungeon, and saw 3 of its levels.

You collected 33 gold pieces.

Inventory:

Hand Weapons
 f - a +0 dagger (weapon)
Missiles
 b - 26 bolts
 e - 16 stones
Armour
 a - a +0 robe (worn)
Jewellery
 c - a +4 ring of slaying (left hand)
Scrolls
 i - a scroll of teleportation {unknown}
Potions
 d - a potion of magic {unknown}
 g - a potion of lignification {unknown}
 h - a potion of brilliance {unknown}


   Skills:
 + Level 0.9 Fighting
 + Level 3.1 Dodging
 + Level 1.8 Stealth
 + Level 3.2 Spellcasting


You couldn't memorise any spells.
You knew the following spells:

 Your Spells              Type           Power      Damage    Failure   Level
a - Foxfire               Conj/Fire      60%        2x1d7     4%          1
b - Scorch                Fire           30%        2d6       6%          2
c - Conjure Flame         Conj/Fire      15%        6-21      12%         3
d - Inner Flame           Hex/Fire       15%        N/A       12%         3
e - Flame Wave            Conj/Fire      15%        2d6       36%         4
f - Summon Small Mammal   Summ           60%        N/A       4%          1
Your spell library was empty.

Dungeon Overview and Level Annotations

Branches:
Dungeon (3/15)

Altars:

Annotations:
D:3 1 runed translucent door, Crazy Yiuf


Innate Abilities, Weirdness & Mutations

You are immune to sickness and miasma.
You are immune to poison.
Your flesh is very heat resistant. (rF++)
You are vulnerable to cold. (rC-)
You float through the air rather than walking.
You learn spells naturally, not from books.
Your magical power is your life essence.
You have superior vitality. (+4 MHP)


Message History

The adder is severely wounded.
The foxfire hits the adder.
You kill the adder!
Unknown command.
Your foxfire dissipates! x2
Found an escape hatch in the floor.
You now have 33 gold pieces (gained 10).
i - a scroll labelled XEUHAJI AMETE
There is an escape hatch in the floor here.
There is an escape hatch in the floor here.
You fly downwards.
The hatch slams shut behind you.
Crazy Yiuf shouts!
Found a mace.
Found a runed translucent door.
Casting: Foxfire (safe; 4% risk of failure)
Confirm with . or Enter, or press ? or * to list all spells.
Flames lash Crazy Yiuf.
Crazy Yiuf is lightly wounded.
Crazy Yiuf's fire resistance burns away.
Crazy Yiuf barely misses you.
Casting: Scorch (safe; 6% risk of failure)
Confirm with . or Enter, or press ? or * to list all spells.
Flames lash Crazy Yiuf but do no damage.
Crazy Yiuf misses you.
You conjure some foxfire!
Crazy Yiuf hits you with a +2 quarterstaff of chaos!
Crazy Yiuf freezes you.
Casting: Foxfire (safe; 4% risk of failure)
Confirm with . or Enter, or press ? or * to list all spells.
Flames lash Crazy Yiuf.
Crazy Yiuf is burned terribly!
Crazy Yiuf is severely wounded.
The foxfire hits Crazy Yiuf.
Crazy Yiuf is burned terribly!
Crazy Yiuf is severely wounded.
The foxfire hits Crazy Yiuf but does no damage.
Crazy Yiuf is severely wounded.
Crazy Yiuf hits you with a +2 quarterstaff of chaos!
* * * LOW HITPOINT WARNING * * *
You hit Crazy Yiuf.
Crazy Yiuf is almost dead.
Crazy Yiuf hits you with a +2 quarterstaff of chaos!
You die...

♣ .♣
. .♣♣
♣.♣
##+##
#.@.#
#.g.#
#..)#
#####


You could see Crazy Yiuf (combustible).

Vanquished Creatures
  Jessica (D:3)
  2 adders (D:2)
  A dart slug (D:2)
  3 bats
  2 endoplasms (D:2)
  A giant cockroach (D:2)
  2 hobgoblins
  3 ball pythons
15 creatures vanquished.

Vanquished Creatures (others)
  54 foxfires
54 creatures vanquished.

Grand Total: 69 creatures vanquished

Notes
Turn   | Place    | Note
-------+----------+-------------------------------------------
     0 | D:1      | snetch the Djinni Fire Elementalist began the quest for the
                  | Orb.
     0 | D:1      | Reached XP level 1. HP: 15/15 MP: 0/0
   163 | D:1      | You are sucked into a shaft and drop 1 floor!
   168 | D:2      | Reached XP level 2. HP: 15/21 MP: 0/0
   321 | D:2      | Reached XP level 3. HP: 6/25 MP: 0/0
   321 | D:2      | Learned a level 1 spell: Summon Small Mammal
   641 | D:3      | Noticed Jessica
   646 | D:3      | Killed Jessica
   647 | D:3      | Reached XP level 4. HP: 26/31 MP: 0/0
   785 | D:3      | Noticed Crazy Yiuf
   785 | D:3      | Found a runed translucent door.
   789 | D:3      | HP: 1/31 [Crazy Yiuf (11)]
   790 | D:3      | Mangled by Crazy Yiuf

Illustrated notes

Levels and vault maps discovered:
D:1:      elethiomel_arrival_infinity_welcomes_careful_drivers,
          layout_loops_ring, basic_ecumenical_altar, minmay_door_square,
          st_stairs_14
D:2:      layout_loops_cross, amcnicky_mini_rare_corridor_liquid
D:3:      layout_basic, grunt_temple_overflow_forces_of_nature,
          grunt_temple_overflow_cloverleaf, uniq_crazy_yiuf_cottage, uniq_ijyb,
          uniq_jessica, uniq_grinder

Skill      XL: |  1  2  3 |
---------------+----------+-----
Dodging        | 3 |  3.1
Spellcasting   | 3 |  3.2
Fighting       | |  0.9
Stealth        | |  1.8

Action                   |  1- 3 |  4- 6 || total
-------------------------+-------+-------++-------
Melee: Dagger            |       |     2 ||     2
 Cast: Foxfire           |    27 |     6 ||    33
       Scorch            |     1 |     3 ||     4
Armor: Robe              |     4 |       ||     4
Dodge: Dodged            |    12 |     6 ||    18
